SAAA
VERMONT LAKE MONSTERS @ TORTOLITA DRUMMERS
08/23/2029
 
TOP OF THE 1ST
Vermont Lake Monsters batting - Pitching for Tortolita Drummers : RHP Armando Romano
Pitching: RHP Armando Romano
Batting: RHB Zelmar Barajas 0-0: Hit by Pitch
Batting: RHB Showander Descarte 0-0: Ball
1-0: Swinging Strike
1-1: Ball
2-1: Called Strike
2-2: Foul Ball, location: 2F
2-2: Ball
Zelmar Barajas steals 2nd base
3-2: Fly out, F6 (Line Drive, 6)
Batting: LHB Gilberto Jiménez 0-0: Ball
1-0: Ball
2-0: Foul Ball, location: 2F
2-1: Ground out 5-3 (Groundball, 56)
Batting: RHB Joe Aller 0-0: Ball
1-0: Ball
2-0: Called Strike
2-1: Ball
3-1: Fly out, F8 (Flyball, 8RM)
Top of the 1st over - 0 runs, 0 hits, 0 errors, 1 left on base; Vermont 0 - Tortolita 0
BOTTOM OF THE 1ST
Tortolita Drummers batting - Pitching for Vermont Lake Monsters : RHP Bill Lee
Pitching: RHP Bill Lee
Batting: RHB Orlando Montoya 0-0: Ball
1-0: Ball
2-0: Ball
3-0: Foul Ball, location: 2F
3-1: Foul Ball, location: 2F
3-2: Foul Ball, location: 2F
3-2: Foul Ball, location: 2F
3-2: Foul Ball, location: 2F
3-2: Base on Balls
Batting: RHB Ricardo Pacheco 0-0: Ball
1-0: Called Strike
1-1: Called Strike
1-2: Ball
2-2: Strikes out swinging
Batting: SHB Roberto Mosca 0-0: Ball
Orlando Montoya steals 2nd base
1-0: Ball
2-0: Ball
3-0: Called Strike
3-1: Base on Balls
Batting: RHB Alan Elder 0-0: Called Strike
0-1: Ball
Wild Pitch!
Orlando Montoya to third
Roberto Mosca to second
1-1: 3-RUN HOME RUN (Flyball, 7D), Distance : 346 ft
Batting: LHB Steve Costillo 0-0: Ball
1-0: Ball
2-0: Foul Ball, location: 2F
2-1: Ball
3-1: Base on Balls
Batting: RHB Jim Burch 0-0: Ball
1-0: Called Strike
1-1: Ball
2-1: Fly out, F4 (Flyball, 4MD)
Batting: RHB Sean Godron 0-0: Ball
1-0: Ball
2-0: Ball
3-0: Called Strike
3-1: Fly out, F6 (Line Drive, 6)
Bottom of the 1st over - 3 runs, 1 hit, 0 errors, 1 left on base; Vermont 0 - Tortolita 3
TOP OF THE 2ND
Vermont Lake Monsters batting - Pitching for Tortolita Drummers : RHP Armando Romano
Batting: RHB José Alcalá 0-0: Called Strike
0-1: Foul Ball, location: 2F
0-2: Ball
1-2: Strikes out swinging, 2-3 out at first.
Batting: RHB Barkley B. Cooltimes 0-0: Called Strike
0-1: Fly out, F9 (Flyball, 9)
Batting: RHB Justin Smelter 0-0: Ball
1-0: Foul Ball, location: 2F
1-1: Foul Ball, location: 2F
1-2: Strikes out swinging
Top of the 2nd over - 0 runs, 0 hits, 0 errors, 0 left on base; Vermont 0 - Tortolita 3
BOTTOM OF THE 2ND
Tortolita Drummers batting - Pitching for Vermont Lake Monsters : RHP Bill Lee
Batting: RHB Abílio Conceio 0-0: Called Strike
0-1: Ball
1-1: Foul Ball, location: 2F
1-2: SINGLE (Line Drive, 6MD)
Batting: RHB Santo Alba 0-0: Foul Ball, location: 2F
0-1: Ball
1-1: Foul Ball, location: 2F
1-2: Grounds into double play, 4-6-3 (Groundball, 4)
Batting: RHB Orlando Montoya 0-0: Called Strike
0-1: Ground out 5-3 (Groundball, 56)
Bottom of the 2nd over - 0 runs, 1 hit, 0 errors, 0 left on base; Vermont 0 - Tortolita 3
TOP OF THE 3RD
Vermont Lake Monsters batting - Pitching for Tortolita Drummers : RHP Armando Romano
Batting: LHB Brad Tillman 0-0: Ball
1-0: DOUBLE (Groundball, 3L)
Batting: RHB Barry Dempsey 0-0: Foul Ball, location: 2F
0-1: Called Strike
0-2: Ball
1-2: 2-RUN HOME RUN (Flyball, 7D), Distance : 353 ft
Batting: RHB Zelmar Barajas 0-0: Called Strike
0-1: Foul Ball, location: 2F
0-2: Foul Ball, location: 2F
0-2: Foul Ball, location: 2F
0-2: Strikes out swinging
Batting: RHB Showander Descarte 0-0: SINGLE (Line Drive, 89S)
Batting: LHB Gilberto Jiménez 0-0: Ball
1-0: Grounds into double play, 5-4-3 (Groundball, 56)
Top of the 3rd over - 2 runs, 3 hits, 0 errors, 0 left on base; Vermont 2 - Tortolita 3
BOTTOM OF THE 3RD
Tortolita Drummers batting - Pitching for Vermont Lake Monsters : RHP Bill Lee
Batting: RHB Ricardo Pacheco 0-0: Called Strike
0-1: Ball
1-1: Swinging Strike
1-2: Foul Ball, location: 2F
1-2: Strikes out looking
Batting: SHB Roberto Mosca 0-0: Called Strike
0-1: Foul Ball, location: 2F
0-2: Foul Ball, location: 2F
0-2: Ball
1-2: Ball
2-2: SINGLE (Groundball, 4MD)
Batting: RHB Alan Elder 0-0: Ball
1-0: Ball
2-0: Foul Ball, location: 2F
2-1: Ball
Roberto Mosca steals 2nd base
3-1: Called Strike
3-2: Foul Ball, location: 2F
3-2: Foul Ball, location: 2F
3-2: Fly out, F8 (Flyball, 8LXD)
Runner from 2nd tags up, SAFE at 3rd, no throw
Batting: LHB Steve Costillo 0-0: Called Strike
0-1: Foul Ball, location: 2F
0-2: Ball
1-2: Foul Ball, location: 2F
1-2: Foul Ball, location: 2F
1-2: Strikes out looking
Bottom of the 3rd over - 0 runs, 1 hit, 0 errors, 1 left on base; Vermont 2 - Tortolita 3
TOP OF THE 4TH
Vermont Lake Monsters batting - Pitching for Tortolita Drummers : RHP Armando Romano
Batting: RHB Joe Aller 0-0: Ball
1-0: Swinging Strike
1-1: Ball
2-1: Foul Ball, location: 2F
2-2: Foul Ball, location: 2F
2-2: Strikes out swinging
Batting: RHB José Alcalá 0-0: Ball
1-0: Ground out 6-3 (Groundball, 6MS)
Batting: RHB Barkley B. Cooltimes 0-0: Ball
1-0: Foul Ball, location: 2F
1-1: Foul Ball, location: 2F
1-2: Foul Ball, location: 2F
1-2: Foul Ball, location: 2F
1-2: Ball
2-2: Fly out, F8 (Line Drive, 8LD)
Top of the 4th over - 0 runs, 0 hits, 0 errors, 0 left on base; Vermont 2 - Tortolita 3
BOTTOM OF THE 4TH
Tortolita Drummers batting - Pitching for Vermont Lake Monsters : RHP Bill Lee
Batting: RHB Jim Burch 0-0: Ball
1-0: Ball
2-0: Ball
3-0: Called Strike
3-1: Ground out 1-3 (Groundball, 13)
Batting: RHB Sean Godron 0-0: Foul Ball, location: 2F
0-1: Called Strike
0-2: Foul Ball, location: 2F
0-2: Ball
1-2: Fly out, F7 (Flyball, 7LD)
Batting: RHB Abílio Conceio 0-0: Ball
1-0: Called Strike
1-1: Called Strike
1-2: Ball
2-2: SINGLE (Groundball, 6MD)
Batting: RHB Santo Alba 0-0: Foul Ball, location: 2F
0-1: Called Strike
0-2: Strikes out looking
Bottom of the 4th over - 0 runs, 1 hit, 0 errors, 1 left on base; Vermont 2 - Tortolita 3
TOP OF THE 5TH
Vermont Lake Monsters batting - Pitching for Tortolita Drummers : RHP Armando Romano
Batting: RHB Justin Smelter 0-0: Called Strike
0-1: SINGLE (Line Drive, 78S)
Batting: LHB Brad Tillman 0-0: Ball
1-0: Sac Bunt - play at first, batter OUT! U3
Justin Smelter to second
Batting: RHB Barry Dempsey 0-0: Ball
1-0: Ball
2-0: Ball
3-0: Foul Ball, location: 2F
3-1: SINGLE (Line Drive, 56D)
Justin Smelter to third
Runner from 3rd tries for Home, SAFE, no throw
Batting: RHB Zelmar Barajas 0-0: Ball
1-0: Grounds into double play, 6-4-3 (Groundball, 6)
Top of the 5th over - 1 run, 2 hits, 0 errors, 0 left on base; Vermont 3 - Tortolita 3
BOTTOM OF THE 5TH
Tortolita Drummers batting - Pitching for Vermont Lake Monsters : RHP Bill Lee
Batting: RHB Orlando Montoya 0-0: Called Strike
0-1: Ball
1-1: Ball
2-1: Fly out, F8 (Flyball, 78M)
Batting: RHB Ricardo Pacheco 0-0: Ball
1-0: Ball
2-0: Ball
3-0: Called Strike
3-1: Fly out, F9 (Line Drive, 9)
Batting: SHB Roberto Mosca 0-0: Ball
1-0: Ball
2-0: TRIPLE (Line Drive, 9D)
Pitching: LHP Mike Brandner
Batting: RHB Alan Elder 0-0: Ball
1-0: Ball
2-0: Foul Ball, location: 2F
2-1: Ball
3-1: Foul Ball, location: 2F
3-2: Foul Ball, location: 2F
3-2: Base on Balls
Batting: LHB Steve Costillo 0-0: Ball
1-0: Ball
2-0: Ball
3-0: Called Strike
3-1: Swinging Strike
3-2: Strikes out swinging
Bottom of the 5th over - 0 runs, 1 hit, 0 errors, 2 left on base; Vermont 3 - Tortolita 3
TOP OF THE 6TH
Vermont Lake Monsters batting - Pitching for Tortolita Drummers : RHP Armando Romano
Batting: RHB Showander Descarte 0-0: Foul Ball, location: 2F
0-1: Reached on error, E5 (Groundball, 5S)
Batting: LHB Gilberto Jiménez 0-0: Called Strike
0-1: Ball
1-1: Ball
2-1: Foul Ball, location: 2F
2-2: Ball
Showander Descarte steals 2nd base
3-2: Intentional Walk
Batting: RHB Joe Aller 0-0: Ball
1-0: Fielders Choice at 2nd, 4-6 (Groundball, 4M)
Showander Descarte to third
Batting: RHB José Alcalá 0-0: Foul Ball, location: 2F
0-1: Ball
1-1: Ball
2-1: Called Strike
2-2: Foul Ball, location: 2F
2-2: Strikes out swinging
Pitching: RHP Dave Seals
Batting: RHB Barkley B. Cooltimes 0-0: Ball
1-0: Ball
2-0: Foul Ball, location: 2F
2-1: Called Strike
2-2: Strikes out looking
Top of the 6th over - 0 runs, 0 hits, 1 error, 2 left on base; Vermont 3 - Tortolita 3
BOTTOM OF THE 6TH
Tortolita Drummers batting - Pitching for Vermont Lake Monsters : LHP Mike Brandner
Batting: RHB Jim Burch 0-0: Ball
1-0: Ball
2-0: Fly out, F4 (Popup, 4)
Batting: RHB Sean Godron 0-0: Ball
1-0: Swinging Strike
1-1: Called Strike
1-2: Strikes out looking
Batting: RHB Abílio Conceio 0-0: Ball
1-0: Called Strike
1-1: Ball
2-1: Ball
3-1: Ground out 6-3 (Groundball, 56)
Bottom of the 6th over - 0 runs, 0 hits, 0 errors, 0 left on base; Vermont 3 - Tortolita 3
TOP OF THE 7TH
Vermont Lake Monsters batting - Pitching for Tortolita Drummers : RHP Dave Seals
Batting: RHB Justin Smelter 0-0: Ground out 5-3 (Groundball, 56S)
Batting: LHB Brad Tillman 0-0: Ball
1-0: Swinging Strike
1-1: Foul Ball, location: 2F
1-2: Ball
2-2: Strikes out swinging
Batting: RHB Barry Dempsey 0-0: Ball
1-0: Ball
2-0: Ball
3-0: Called Strike
3-1: Foul Ball, location: 2F
3-2: SINGLE (Groundball, 4D)
Pinch Hitting: LHB Ramón Gómez 0-0: Swinging Strike
0-1: Ball
1-1: Called Strike
1-2: Foul Ball, location: 2F
1-2: Fly out, F8 (Flyball, 8LD)
Top of the 7th over - 0 runs, 1 hit, 0 errors, 1 left on base; Vermont 3 - Tortolita 3
BOTTOM OF THE 7TH
Tortolita Drummers batting - Pitching for Vermont Lake Monsters : LHP Mike Brandner
Now at 3B: Ramón Gómez
Batting: RHB Santo Alba 0-0: Called Strike
0-1: Foul Ball, location: 2F
0-2: Ball
1-2: Ball
2-2: Ball
3-2: Ground out 6-3 (Groundball, 6M)
Batting: RHB Orlando Montoya 0-0: Ball
1-0: Ball
2-0: Ground out 5-3 (Groundball, 56)
Batting: RHB Ricardo Pacheco 0-0: Called Strike
0-1: Ball
1-1: Swinging Strike
1-2: Foul Ball, location: 2F
1-2: Ball
2-2: Strikes out looking
Bottom of the 7th over - 0 runs, 0 hits, 0 errors, 0 left on base; Vermont 3 - Tortolita 3
TOP OF THE 8TH
Vermont Lake Monsters batting - Pitching for Tortolita Drummers : RHP Dave Seals
Batting: RHB Showander Descarte 0-0: Called Strike
0-1: Called Strike
0-2: Ball
1-2: Strikes out swinging
Batting: LHB Gilberto Jiménez 0-0: Ball
1-0: SINGLE (Flyball, 78M)
Batting: RHB Joe Aller 0-0: Ball
1-0: Called Strike
1-1: Grounds into double play, 5-4-3 (Groundball, 56)
Top of the 8th over - 0 runs, 1 hit, 0 errors, 0 left on base; Vermont 3 - Tortolita 3
BOTTOM OF THE 8TH
Tortolita Drummers batting - Pitching for Vermont Lake Monsters : LHP Mike Brandner
Pinch Hitting: RHB Lonnie Conrad 0-0: Fly out, F7 (Flyball, 7LDF)
Batting: RHB Alan Elder 0-0: Called Strike
0-1: SINGLE (Line Drive, 78M)
Pinch Runner at 1st Jeb Sexton:
Pinch Hitting: RHB Wei-quo Lam 0-0: Ball
1-0: Ball
2-0: SINGLE (Flyball, 4D)
Jeb Sexton to second
Runner from 2nd tries for 3rd, SAFE, no throw
Batting: RHB Jim Burch 0-0: DOUBLE (Groundball, 5L)
Jeb Sexton scores
Wei-quo Lam to third
Batting: RHB Sean Godron 0-0: DOUBLE (Line Drive, 78D)
Wei-quo Lam scores
Jim Burch scores
Batting: RHB Abílio Conceio 0-0: Intentional Walk
Pitching: RHP Woody Hudson
Batting: RHB Santo Alba 0-0: Ground out 4-3 (Groundball, 4S)
Sean Godron to third
Abílio Conceio to second
Batting: RHB Orlando Montoya 0-0: Ground out 6-3 (Groundball, 6)
Bottom of the 8th over - 3 runs, 4 hits, 0 errors, 2 left on base; Vermont 3 - Tortolita 6
TOP OF THE 9TH
Vermont Lake Monsters batting - Pitching for Tortolita Drummers : RHP Dave Seals
Pitching: RHP Briggs Bourgeois
Now at SS: Jeb Sexton
Now in LF: Wei-quo Lam
Now in RF: Miguel Canales
Batting: RHB José Alcalá 0-0: Ball
1-0: Ground out 5-3 (Groundball, 56)
Batting: RHB Barkley B. Cooltimes 0-0: Ball
1-0: Ball
2-0: Called Strike
2-1: Foul Ball, location: 2F
2-2: Foul Ball, location: 2F
2-2: Strikes out looking
Batting: RHB Justin Smelter 0-0: Swinging Strike
0-1: Foul Ball, location: 2F
0-2: Strikes out looking
Top of the 9th over - 0 runs, 0 hits, 0 errors, 0 left on base; Vermont 3 - Tortolita 6
Tuesday, December 19th, 2017 - OOTP Baseball 18.8 Build 76